 Dungeon Crawl Stone Soup version 0.17-a0-1946-gfb768fe (webtiles) character file.

177 graki42 the Magician (level 5, -3/28 HPs)
             Began as a Deep Elf Fire Elementalist on Oct 1, 2015.
             Slain by a gnoll (6 damage)
             ... on level 3 of the Dungeon.
             The game lasted 00:12:05 (3238 turns).

graki42 the Magician (Deep Elf Fire Elementalist)   Turns: 3238, Time: 00:12:06

Health: -3/28      AC:  4    Str:  6    XL:     5   Next: 30%
Magic:  8/14       EV: 13    Int: 20    God:
Gold:   181        SH:  0    Dex: 15    Spells: 4 memorised, 2 levels left

rFire  . . .     SeeInvis .     (no weapon)
rCold  . . .     Clarity  .     a - +1 robe
rNeg   . . .     SustAt   .     (no shield)
rPois  .         Gourm    .     h - +0 helmet
rElec  .         Spirit   .     (no cloak)
rCorr  .         Warding  .     (no gloves)
rMut   .         Stasis   .     (no boots)
MR     .....                    (no amulet)
Stlth  +.........               (no ring)
                                d - ring of loudness (curse)

@: not resistant to hostile enchantments, very unstealthy
A: no striking features
a: no special abilities


You were on level 3 of the Dungeon.
You were near starving.

You visited 1 branch of the dungeon, and saw 3 of its levels.

You collected 181 gold pieces.

Inventory:

Armour
 a - a +1 robe (worn)
 h - a +0 helmet (worn)
Jewellery
 d - a cursed ring of loudness (left hand)
Scrolls
 o - a scroll of identify
 r - a scroll of recharging {unknown}
 t - a scroll of fear
Potions
 e - 2 potions of resistance {unknown}
 f - a potion of heal wounds
 g - 2 potions of mutation {unknown}
 i - a potion of beneficial mutation {unknown}
 l - a potion of cure mutation {unknown}
 m - 2 potions of haste {unknown}
 p - a potion of lignification {unknown}
 q - 2 potions of berserk rage {unknown}
 u - a potion of poison {unknown}
Books
 b - a book of Flames

   Spells                             Type                      Level
   a - Flame Tongue                   Conjuration/Fire             1
   b - Throw Flame                    Conjuration/Fire             2
   c - Conjure Flame                  Conjuration/Fire             3
   d - Inner Flame                    Hexes/Fire                   3
   e - Sticky Flame                   Conjuration/Fire             4
   f - Fireball                       Conjuration/Fire             5
Comestibles
 c - 5 bread rations
 j - a royal jelly
 k - 2 fruits
 n - a beef jerky


   Skills:
 + Level 0.1 Fighting
 + Level 3.3 Dodging
 + Level 2.9 Stealth
 + Level 0.1 Unarmed Combat
 + Level 4.8 Spellcasting
 + Level 2.8 Conjurations
 + Level 4.3 Fire Magic


You had 2 spell levels left.
You knew the following spells:

 Your Spells              Type           Power        Failure   Level  Hunger
a - Flame Tongue          Conj/Fire      ###..        2%          1    None
b - Conjure Flame         Conj/Fire      ###.....     10%         3    ##.....
c - Inner Flame           Hex/Fire       ##......     17%         3    ##.....
d - Sticky Flame          Conj/Fire      ###.....     30%         4    ####...


Dungeon Overview and Level Annotations

Branches:
Dungeon (3/15)

Altars:
Ashenzari


Message History

The gnoll closely misses you.
Casting: Flame Tongue
Confirm with . or Enter, or press ? or * to list all spells.
Aiming: Flame Tongue
Press: ? - help, Shift-Dir - straight line, f/p - gnoll
Aim: a gnoll, wielding a spear (lightly wounded)
The flame tongue hits the gnoll.
The gnoll is heavily wounded.
The gnoll closely misses you. x2
Casting: Flame Tongue
Confirm with . or Enter, or press ? or * to list all spells.
Aiming: Flame Tongue
Press: ? - help, Shift-Dir - straight line, f/p - gnoll
Aim: a gnoll, wielding a spear (lightly wounded)
The flame tongue hits the gnoll.
The gnoll is heavily wounded.
The gnoll hits you from afar with a spear.
* * * LOW HITPOINT WARNING * * *
The gnoll hits you.
You die...

#.....#######.#####.########÷####
#................................
#....########.###############.###
#....# #<.....# #.. .# #.#
###.######.##.#.# #.#####.# #)#
###...........#.# #.#...#g# #.#
..............#g###.....#.# #.#
#############.#g........#g# #.#
#.........@.......§g# #.#
#.....#.#######.#.### #.#
#####.#.# ...#.# #.# # #.#
#####.# #.# #.# #.# #.# ..# #.#
#.# #[# #.# #.### ## #.# #....
#####


You could see 2 gnolls.

Vanquished Creatures
  9 adders
  An ooze (D:3)
  3 worms
  4 giant geckos
  8 orcs (D:3)
  2 ball pythons
  8 hobgoblins
  9 jackals
  3 bats
  2 giant cockroaches (D:1)
  A giant newt (D:1)
  7 goblins
  4 kobolds
  A quokka (D:3)
  8 rats
70 creatures vanquished.

Notes
Turn   | Place    | Note
--------------------------------------------------------------
     0 | D:1      | graki42 the Deep Elf Fire Elementalist began the quest for the Orb.
     0 | D:1      | Reached XP level 1. HP: 10/10 MP: 6/6
   354 | D:1      | Reached XP level 2. HP: 9/15 MP: 0/8
   886 | D:2      | Reached skill level 4 in Spellcasting
   886 | D:2      | Reached XP level 3. HP: 13/19 MP: 3/10
  1168 | D:2      | Reached XP level 4. HP: 24/24 MP: 10/12
  1255 | D:2      | Found a shattered altar of Ashenzari.
  2148 | D:3      | Learned a level 3 spell: Conjure Flame
  2152 | D:3      | Learned a level 3 spell: Inner Flame
  2506 | D:3      | Reached XP level 5. HP: 28/28 MP: 11/14
  2812 | D:3      | Learned a level 4 spell: Sticky Flame
  3238 | D:3      | Slain by a gnoll

Vault maps used:
D:1:      dpeg_arrival_simpleton_c
D:2:      lemuel_crystal_altar, first_bread, serial_bayou_pond_e
D:3:      wad_crossroads

Action                   |  1- 3 |  4- 6 || total
-------------------------+-------+-------++-------
Melee: Unarmed           |     7 |     2 ||     9
 Cast: Flame Tongue      |    61 |    95 ||   156
       Conjure Flame     |       |     3 ||     3
       Inner Flame       |       |     2 ||     2
       Sticky Flame      |       |     1 ||     1
  Use: Scroll            |     7 |       ||     7
       Potion            |     1 |     1 ||     2
  Eat: Chunk             |     1 |     5 ||     6
